 Dungeon Crawl Stone Soup version 0.24.0-123-gd5b16e6ec5 (webtiles) character file.

Game seed: 641831664782961866, levelgen mode: deterministic

196 Legadrian the Magician (level 6, -2/43 HPs)
             Began as a Human Transmuter on Feb 12, 2020.
             Was an Initiate of Fedhas.
             Slain by an orc wizard
             ... wielding a +0 dagger
              (4 damage)
             ... on level 4 of the Dungeon.
             The game lasted 00:20:26 (4287 turns).

Legadrian the Magician (Human Transmuter)           Turns: 4287, Time: 00:20:26

Health: -2/43      AC:  2    Str:  9 (10) XL:     6   Next: 4%
Magic:  6/12       EV: 12    Int: 14 (16) God:    Fedhas [......]
Gold:   186        SH:  0    Dex: 14 (16) Spells: 2/13 levels left

rFire    . . .     SeeInvis +   g - +2 flail (crush)
rCold    . . .     Gourm    .   (no shield)
rNeg     . . .     Faith    .   b - +0 robe
rPois    .         Spirit   .   (no helmet)
rElec    .         Reflect  .   (no cloak)
rCorr    .         Harm     .   (no gloves)
MR       .....                  (boots currently unavailable)
Stlth    +.........             (no amulet)
HPRegen  0.14/turn              m - ring of see invisible
MPRegen  0.13/turn              o - +3 ring of dexterity

@: appendage (expiring)
A: talons 3
a: End Transformation, Renounce Religion


You were on level 4 of the Dungeon.
You worshipped Fedhas.
Fedhas was noncommittal.
You were not hungry.
You had grown temporary talons.
You visited 1 branch of the dungeon, and saw 4 of its levels.

You collected 186 gold pieces.

Inventory:

Hand Weapons
 e - a +0 hunting sling
 g - a +2 flail of crushing (weapon)
 r - a +2 halberd of venom
Missiles
 a - 21 arrows
 c - 193 stones
 f - 11 poisoned darts (quivered)
 i - 38 sling bullets
Armour
 b - a +0 robe (worn)
Jewellery
 m - a ring of see invisible (left hand)
 o - a +3 ring of dexterity (right hand)
Wands
 q - a wand of paralysis (8)
Scrolls
 h - 6 scrolls of remove curse
 j - a scroll of amnesia
 l - a scroll of teleportation
Comestibles
 d - 6 rations
 n - a chunk of flesh


   Skills:
 - Level 1.0 Fighting
   Level 0.8 Long Blades
 - Level 0.2 Throwing
 - Level 2.0 Dodging
 - Level 3.0 Unarmed Combat
 + Level 4.2 Spellcasting
 + Level 3.7 Transmutations


You had 2 spell levels left.
You knew the following spells:

 Your Spells              Type           Power        Failure   Level  Hunger
a - Beastly Appendage     Tmut           ##....       4%          1    None
b - Spider Form           Tmut/Pois      #.........   26%         3    ###....
c - Sticks to Snakes      Tmut           ##......     6%          2    ##.....
d - Blade Hands           Tmut           ##........   75%         5    ######.

Your spell library contained the following spells:

 Spells                   Type           Power        Failure   Level  Hunger
 Ice Form                 Ice/Tmut       #.......     65%         4    ####...


Dungeon Overview and Level Annotations

Branches:
Dungeon (4/15)
 Temple: D:4-7

Altars:
Cheibriados
Fedhas
Sif Muna
Zin


Innate Abilities, Weirdness & Mutations

You have claws for feet.


Message History

The phantom hits you!
The orc wizard hits your ball python with a +0 dagger.
Your ball python dies!
Casting: Sticks to Snakes (safe; 6% risk of failure)
Confirm with . or Enter, or press ? or * to list all spells.
You create a snake!
You now have 22 arrows.
The phantom hits you.
The orc wizard gestures at you while chanting.
The puff of frost hits you!
* * * LOW HITPOINT WARNING * * *
Casting: Sticks to Snakes (safe; 6% risk of failure)
Confirm with . or Enter, or press ? or * to list all spells.
You create a snake!
You now have 21 arrows.
Your transformation is almost over.
The phantom hits you.
* * * LOW HITPOINT WARNING * * *
The phantom blinks!
The phantom hits you.
* * * LOW HITPOINT WARNING * * *
The orc wizard hits you with a +0 dagger.
You die...
Fedhas appreciates your contribution to the ecosystem.

##.#....... ## #..
##..... ..##.... .#
.. ##.....##W..#...#
..#.# #
#......%)....... ...#
.. ###..#....#...##
...#... ##
##).##....#####..#...
#.#.S...............
##§Wo...........#
#..@.........#..#
###..S..........#
#...........#.####
##W.......###.....
##.....###......#
##....# ###.....
#..### ###.#... ####
#...#... #..##..#


You could see 2 phantoms, an orc wizard, a friendly adder and a friendly ball
python.

Vanquished Creatures
  An orc priest (D:3)
  Jessica (D:2)
  An iguana (D:2)
  5 adders
  An ooze (D:3)
  A dart slug (D:2)
  2 leopard geckos
  6 orcs
  4 giant cockroaches
  4 goblins
  6 hobgoblins
  3 jackals (D:2)
  10 kobolds
  4 bats
  3 frilled lizards
  2 rats (D:3)
54 creatures vanquished.

Vanquished Creatures (collateral kills)
  An ooze (D:2)
  A worm (D:2)
  2 orcs
  A goblin (D:2)
  A ball python (D:2)
6 creatures vanquished.

Vanquished Creatures (others)
  An orc wizard (D:3)
1 creature vanquished.

Grand Total: 61 creatures vanquished

Notes
Turn   | Place    | Note
-------+----------+-------------------------------------------
     0 | D:1      | Legadrian the Human Transmuter began the quest for the Orb.
     0 | D:1      | Reached XP level 1. HP: 15/15 MP: 3/3
   161 | D:1      | Reached XP level 2. HP: 19/21 MP: 5/5
  1027 | D:2      | Reached XP level 3. HP: 10/26 MP: 7/7
  1272 | D:2      | Learned a level 3 spell: Spider Form
  1275 | D:2      | Learned a level 2 spell: Sticks to Snakes
  1298 | D:2      | Noticed Jessica
  1310 | D:2      | Killed Jessica
  1310 | D:2      | Reached skill level 3 in Spellcasting
  1661 | D:2      | Reached XP level 4. HP: 20/32 MP: 7/9
  2324 | D:2      | Reached XP level 5. HP: 6/37 MP: 7/10
  2941 | D:3      | HP: 1/37 [orc priest/divine providence (10)]
  2950 | D:3      | Reached skill level 4 in Spellcasting
  3383 | D:3      | Found a glowing silver altar of Zin.
  3604 | D:3      | Learned a level 5 spell: Blade Hands
  3969 | D:3      | Found a snail-covered altar of Cheibriados.
  3986 | D:3      | Found a blossoming altar of Fedhas.
  3991 | D:3      | Became a worshipper of Fedhas Madash
  4192 | D:4      | Found a shimmering blue altar of Sif Muna.
  4208 | D:4      | Noticed a phantom
  4240 | D:4      | Reached XP level 6. HP: 39/43 MP: 8/12
  4259 | D:4      | Noticed a phantom
  4287 | D:4      | HP: 2/43 [phantom (2)]
  4287 | D:4      | Slain by an orc wizard

Levels and vault maps discovered:
D:1:      psy_arrival_statuary, layout_basic
D:2:      layout_basic, minmay_misc_feat_encased, minmay_split_cup_small,
          uniq_jessica
D:3:      minmay_door_path, layout_loops_ring, nicolae_overflow_crystal_walls,
          minitemple, first_ration
D:4:      layout_cave_pools, old_standard_altar, grunt_dithmenos_smoke,
          minmay_ruptured

Skill      XL: |  1  2  3  4  5 |
---------------+----------------+-----
Spellcasting   | 3 4 |  4.2
Transmutations | 3 |  3.7
Fighting       | |  1.0
Long Blades    | |  0.8
Throwing       | |  0.2
Dodging        | |  2.0
Unarmed Combat | |  3.0

Action                   |  1- 3 |  4- 6 || total
-------------------------+-------+-------++-------
Melee: Unarmed           |    89 |    71 ||   160
       Kick              |     1 |     9 ||    10
       Headbutt          |       |     1 ||     1
       Punch             |       |     1 ||     1
       Falchion          |       |    41 ||    41
       Flail             |       |    26 ||    26
Throw: Dart              |     8 |       ||     8
       Stone             |     1 |       ||     1
 Cast: Sticks to Snakes  |     2 |    12 ||    14
       Beastly Appendage |     1 |     8 ||     9
       Spider Form       |       |     1 ||     1
  Use: Scroll            |     5 |     4 ||     9
       Potion            |     4 |     8 ||    12
 Stab: Distracted        |     1 |       ||     1
  Eat: Chunk             |     1 |     4 ||     5
       Ration            |       |     2 ||     2
Armor: Robe              |    15 |    21 ||    36
Dodge: Dodged            |    70 |    91 ||   161
       Rpst.: Falchion   |       |    13 ||    13
